 Dungeon Sprint DCSS version 0.32-a0-411-g744942f433 (webtiles) character file.

Game seed: 5754676214657191817

88 shadowstone the Fighter (level 7, -4/57 HPs)
             Began as an Octopode Fighter on Feb 20, 2024.
             Was a High Priest of Qazlal.
             Succumbed to Aizul's bolt of poison
             ... in the Dungeon (Sprint VI: "Thunderdome").
             The game lasted 00:04:00 (612 turns).

shadowstone the Fighter (Octopode Fighter)           Turns: 612, Time: 00:04:01

Health: -4/57      AC:  4    Str: 15    XL:     7   Next: 89%
Magic:  7/7        EV: 16    Int: 10    God:    Qazlal [*****.]
Gold:   235        SH: 12    Dex: 14    Spells: 6/6 levels left

rFire   . . .        m - +0 hand cannon
rCold   . . .        a - +0 buckler
rNeg    . . .        (helmet restricted)
rPois   .            (no amulet)
rElec   .            (no ring)
rCorr   .            (no ring)
SInv    .            (no ring)
Will    .....        (no ring)
Stlth   +            (no ring)
HPRegen 0.29/turn    (no ring)
MPRegen 0.10/turn    (no ring)
                     (no ring)

%: no teleportation, repel missiles
@: lethally poisoned (-4 -> -26), protected from physical damage
A: almost no armour, amphibious, 8 rings, camouflage 1, gelatinous body 1,
(nimble swimmer 1), tentacles
a: Renounce Religion, Upheaval, Elemental Force, Disaster Area


You were in the Dungeon.
You worshipped Qazlal.
Qazlal was extremely pleased with you.
You visited 1 branch You collected 340 gold pieces.
You spent 105 gold pieces at shops.

Inventory:

Hand Weapons
 m - a +0 hand cannon (weapon)
Armour
 a - a +0 buckler (worn)
Wands
 j - a wand of light (5)
 k - a wand of iceblast (5)
Scrolls
 h - 4 scrolls of blinking
 l - 3 scrolls of fog
Potions
 b - a potion of might
 c - a potion of curing
 d - 3 potions of heal wounds
 e - 4 potions of haste
 f - 2 potions of magic
 g - a potion of berserk rage
 i - a potion of resistance


   Skills:
 + Level 9.0 Fighting
 + Level 8.9 Ranged Weapons
 + Level 8.0 Dodging
 + Level 8.5 Shields
 + Level 4.3 Unarmed Combat


You had 6 spell levels left.
You didn't know any spells.
Your spell library was empty.

Dungeon Overview and Level Annotations

Branches:
Dungeon (1/1)

Altars:
Cheibriados
Okawaru
Qazlal
Vehumet
Wu Jian
Xom
The Shining One

Shops:
D **[(

Annotations:
D Aizul


Innate Abilities, Weirdness & Mutations

You cannot wear most types of armour.
You are amphibious.
You can wear up to eight rings at the same time.
Your skin changes colour to match your surroundings (Stealth+).
Your rubbery body absorbs attacks. (AC +1, EV +1)
((You are camouflaged when in or above water. (Stealth+)))
You have tentacles for arms and can constrict up to eight enemies at once.


Message History

You are too injured to fight recklessly!
You are too injured to fight recklessly!
You feel sick.
Aizul coils herself and waves her upper body at you.
You block the poison arrow. Aizul misses you.
You shoot a bolt. The bolt closely misses Aizul.
You feel very sick. You block Aizul's attack. Aizul completely misses you.
You shoot a bolt. The bolt hits Aizul!
Aizul is lightly wounded.
You feel sick.
Aizul coils herself and waves her upper body at you.
The bolt of poison misses you. Aizul hits you.
* * * LOW HITPOINT WARNING * * *
You feel protected from physical attacks.
You shoot a bolt. The bolt misses Aizul.
You feel sick. You block Aizul's attack. Aizul casts a spell at you.
The poison arrow misses you.
You shoot a bolt. The bolt hits Aizul!!
Aizul is moderately wounded.
You feel sick. Aizul casts a spell at you. The bolt of poison hits you!
You are lethally poisoned!
* * * LOW HITPOINT WARNING * * *
Aizul yawns, and then pretends she didn't.
Aizul casts a spell at you. You block the poison arrow.
You block Aizul's attack.
Aiming: Bolt of Light
Press: ? - help, Shift-Dir - straight line, f/p - Aizul
Aim: Aizul (moderately wounded, 43% to hit)
Okay, then.
Unknown command.
Aiming: Bolt of Light
Press: ? - help, Shift-Dir - straight line, p - Aizul
Okay, then.
You shoot a bolt. The bolt hits Aizul!
Aizul is moderately wounded.
You die...

......###..........
.....ß. #.ß........
.......###(....._._
#.ß.........ß.####
#⌠...........⌠#
###....÷[...###
#_§..°..._#
#..☼S[[.._#
#_.§@...._#
#∩○.°○...∩#
##∩○....∩##
##.....## ##⌠⌠⌠##
#####


You could see Aizul.

Vanquished Creatures
  Sigmund (D)
  4 brain worms (D)
  6 vampire bats (D)
  An orc priest (D)
  A hound (D)
  An iguana (D)
  Terence (D)
  An adder (D)
  An ufetubus (D)
  A jackal (D)
  A kobold (D)
19 creatures vanquished.

Notes
Turn   | Place    | Note
-------+----------+-------------------------------------------
     0 | D        | shadowstone the Octopode Fighter began the quest for the
                  | Orb.
     0 | D        | Reached XP level 1. HP: 16/16 MP: 1/1
     4 | D        | Found an iron altar of Okawaru.
     4 | D        | Found a stormy altar of Qazlal.
     5 | D        | Found a radiant altar of Vehumet.
     5 | D        | Round 1.
     6 | D        | Found a snail-covered altar of Cheibriados.
     6 | D        | Found a glowing golden altar of the Shining One.
     7 | D        | Found an ornate altar of the Wu Jian Council.
     7 | D        | Found a shimmering altar of Xom.
     7 | D        | Found Ziagaso's Weapon Rack.
     7 | D        | Found Waziuv's Premium Goods.
     8 | D        | Found Packuet's Basic Armour.
     8 | D        | Found Ketiwaf's Miscellaneous Merchandise.
    12 | D        | Became a worshipper of Qazlal Stormbringer
    16 | D        | Bought a +0 hand cannon for 105 gold pieces
    23 | D        | Noticed Sigmund
    32 | D        | Killed Sigmund
    33 | D        | Reached skill level 6 in Fighting
    33 | D        | Reached XP level 2. HP: 9/26 MP: 2/2
    33 | D        | Reached XP level 3. HP: 11/31 MP: 3/3
    33 | D        | Reached XP level 4. HP: 13/36 MP: 4/4
    33 | D        | Reached XP level 5. HP: 16/42 MP: 5/5
   106 | D        | Noticed Terence
   107 | D        | Reached * piety under Qazlal
   116 | D        | Killed Terence
   117 | D        | Noticed a phantom
   119 | D        | Arena points: 5 (+5) [x1]
   134 | D        | Round 2.
   194 | D        | Reached ** piety under Qazlal
   195 | D        | Reached skill level 7 in Fighting
   195 | D        | Reached XP level 6. HP: 49/49 MP: 6/6
   293 | D        | Arena points: 17 (+12) [x1]
   308 | D        | Round 3.
   369 | D        | Reached *** piety under Qazlal
   370 | D        | Reached skill level 5 in Ranged Weapons
   373 | D        | Reached skill level 8 in Fighting
   389 | D        | Reached XP level 7. HP: 48/55 MP: 7/7
   462 | D        | Arena points: 32 (+15) [x1]
   477 | D        | Round 4.
   478 | D        | Reached **** piety under Qazlal
   509 | D        | Reached ***** piety under Qazlal
   526 | D        | Arena points: 88 (+56) [x2]
   527 | D        | Reached skill level 9 in Fighting
   592 | D        | Round 5.
   601 | D        | Identified the serpent talisman of Amelioration {Str+3}
   601 | D        | Noticed Aizul
   612 | D        | Succumbed to Aizul's bolt of poison

Illustrated notes

Levels and vault maps discovered:
D:        arena_sprint

Skill      XL: |  1  2  3  4  5  6  7 |
---------------+----------------------+-----
Fighting       | 6 7 8 9 |  9.0
Ranged Weapons | 2 3 6 8 |  8.9
Dodging        | 6 7 8 |  8.0
Shields        | 6 7 8 |  8.5
Unarmed Combat | 3 4 |  4.3

Action                     |  1- 3 |  4- 6 |  7- 9 || total
---------------------------+-------+-------+-------++-------
   Fire: Hand cannon       |     5 |    40 |    21 ||    66
    Use: Potion            |     1 |       |       ||     1
 Armour: Skin              |     4 |    11 |     6 ||    21
  Dodge: Dodged            |       |     7 |     8 ||    15
  Block: Buckler           |     2 |     4 |    11 ||    17

Table legend: (Time is in decaauts)
 A = Elapsed time spent in this place.
 B = Non-inter-level travel time spent in this place.
 C = Inter-level travel time spent in this place.
 D = Time resting spent in this place.
 E = Time spent auto-exploring this place.
 F = Levels seen in this place.
 G = Mean time per level.
                   A        B        C        D        E       F      G
               +--------+--------+--------+--------+--------+-----+--------+
         Total |    657 |    650 |      7 |    465 |      0 |   1 |  657.0 |
       Dungeon |    657 |    650 |      7 |    465 |      0 |   1 |  657.0 |
               +--------+--------+--------+--------+--------+-----+--------+

Top non-repeatable levels by time:
       D: 657 daAuts
